Map: Thunderbird LE

Players

Serral - Winner!

  • Race: Zerg Zerg
  • League: Grandmaster
  • Spawn Location: 11:00

LiquidTLO (TLO)

  • Race: Zerg Zerg
  • League: Grandmaster
  • Spawn Location: 5:00

Event: HomeStory Cup XIX

VOD

Have the link to the VOD?

Description

Time

  • Played on: June 27, 2019, 3 p.m.
  • Length: 11:45

All games in this series

Show
View Real Time Build Order
Export as new Build Order

Serral Zerg - Winner!

Build Orders: Hatch First 

Get SALT Encoding   

  12  0:00  Drone  
  13  0:13  Overlord  
  13  0:16  Drone  
  14  0:31  Drone x2  
  16  0:47  Hatchery  
  15  0:51  Drone  
  15  0:55  Drone  
  17  0:58  Drone  
  18  1:08  Extractor  
  17  1:13  Spawning Pool  
  17  1:16  Drone  
  17  1:19  Drone  
  18  1:28  Drone  
  19  1:40  Drone  
  20  1:50  Drone  
  21  1:59  Queen x2  
  21  2:00  Overlord  
  25  2:01  Zergling x2  
  25  2:08  Metabolic Boost  
  26  2:10  Drone  
  26  2:11  Drone  
  28  2:22  Drone  
  29  2:23  Drone  
  30  2:32  Hatchery  
  30  2:34  Drone  
  30  2:37  Drone  
  30  2:43  Overlord  
  31  2:45  Drone  
  32  2:54  Drone  
  32  2:55  Drone  
  34  3:00  Evolution Chamber  
  34  3:01  Roach Warren  
  33  3:09  Zergling x12  
  39  3:19  Overlord  
  39  3:21  Drone x2  
  39  3:22  Drone  
  42  3:33  Zergling x4  
  43  3:37  Queen  
  43  3:40  Zergling x4  
  47  3:44  Zergling x2, Overlord  
  47  3:45  Zergling x4  
  50  3:49  Zergling x4  
  51  3:57  Drone x3  
  54  4:05  Drone  
  54  4:08  Evolution Chamber  
  54  4:09  Drone x2  
  56  4:21  Roach x3  
  57  4:27  Roach x2  
  57  4:28  Roach  
  60  4:33  Overlord x2  
  60  4:35  Zerg Missile Weapons Level 1  
  60  4:44  Extractor, Roach x3  
  64  4:49  Overlord  
  64  4:51  Overlord  
  64  4:52  Roach x2  
  68  4:59  Zergling x14  
  75  5:07  Zergling x10  
  75  5:13  Roach x3  
  82  5:25  Overlord  
  82  5:27  Drone x6  
  88  5:33  Lair  
  88  5:36  Drone  
  88  5:38  Drone, Extractor  
  88  5:40  Drone  
  88  5:41  Drone  
  88  5:42  Drone  
  92  5:46  Drone  
  92  5:47  Drone  
  93  5:50  Drone x2  
  93  5:56  Overlord  
  95  5:58  Drone x4  
  95  6:02  Overlord  
  95  6:03  Drone  
  100  6:06  Extractor  
  100  6:08  Drone  
  100  6:09  Drone x2  
  100  6:10  Drone x2  
  104  6:13  Drone, Extractor x2  
  104  6:15  Drone  
  104  6:16  Drone  
  104  6:17  Drone  
  106  6:23  Drone  
  107  6:27  Drone x3  
  107  6:28  Drone x4  
  107  6:30  Overseer x2  
  114  6:37  Spire  
  114  6:39  Zerg Missile Weapons Level 2  
  113  6:44  Overlord x2  
  113  6:46  Glial Reconstitution  
  113  6:50  Overlord x2  
  113  6:58  Hatchery  
  111  7:20  Drone  
  112  7:23  Drone  
  112  7:24  Spore Crawler  
  112  7:25  Spore Crawler  
  111  7:31  Overlord  
  111  7:34  Overlord  
  111  7:36  Overlord  
  111  7:40  Drone  
  111  7:42  Drone, Spore Crawler  
  112  7:45  Overlord  
  112  7:49  Corruptor x9  
  112  7:50  Spore Crawler  
  129  7:53  Zerg Flyer Armor Level 1  
  129  7:56  Queen  
  131  7:58  Queen  
  131  8:01  Queen  
  135  8:12  Drone x9  
  131  8:20  Drone  
  131  8:26  Extractor  
  131  8:28  Corruptor x2  
  131  8:31  Extractor  
  134  8:41  Corruptor x3  
  140  8:54  Overlord x2  
  140  8:55  Zerg Ground Armor Level 1  
  140  8:56  Corruptor x2  
  140  8:59  Roach x2  
  140  9:02  Roach x2  
  152  9:05  Roach  
  154  9:11  Corruptor x2  
  154  9:16  Drone x2  
  160  9:18  Drone  
  161  9:33  Corruptor x5  
  161  9:35  Overseer  
  171  9:41  Overlord x2  
  168  9:54  Drone x2  
  168  9:55  Drone  
  168  9:56  Infestation Pit  
  169  10:00  Roach  
  169  10:01  Roach x9  
  183  10:13  Overlord x2  
  183  10:17  Overlord  
  183  10:18  Pneumatized Carapace, Overlord  
  183  10:19  Overlord  
  183  10:20  Overseer, Overlord  
  183  10:27  Spine Crawler  
  183  10:28  Corruptor x2  
  182  10:29  Spine Crawler  
  182  10:31  Spine Crawler  
  182  10:33  Overseer  
  184  10:40  Drone x2  
  184  10:41  Evolution Chamber  
  185  10:56  Roach  
  185  10:57  Roach x10  
  193  11:10  Spore Crawler  
  192  11:12  Spine Crawler  
Show
View Real Time Build Order
Export as new Build Order

LiquidTLO Zerg 

Build Orders: Hatch First, Muta Ling Bane 

Get SALT Encoding   

  12  0:00  Drone  
  13  0:12  Overlord  
  13  0:17  Drone  
  14  0:31  Drone  
  14  0:32  Drone  
  14  0:34  Drone  
  17  0:51  Hatchery  
  17  0:54  Drone  
  17  0:57  Drone  
  17  1:02  Extractor  
  17  1:13  Spawning Pool  
  17  1:18  Drone  
  17  1:20  Drone  
  18  1:29  Drone  
  19  1:44  Overlord  
  19  1:55  Drone  
  19  2:00  Queen  
  22  2:02  Queen  
  22  2:03  Drone  
  22  2:05  Metabolic Boost  
  25  2:10  Drone  
  25  2:12  Drone  
  27  2:16  Drone  
  28  2:24  Zergling x4  
  30  2:36  Hatchery  
  29  2:38  Drone  
  30  2:45  Queen  
  30  2:50  Overlord  
  32  2:53  Zergling x2  
  32  2:54  Zergling x2  
  32  2:57  Zergling x2  
  35  3:01  Zergling x2  
  35  3:04  Overlord  
  36  3:08  Overlord  
  36  3:09  Zergling x2  
  37  3:13  Zergling x2  
  37  3:14  Zergling x2  
  37  3:18  Zergling x2  
  40  3:27  Drone  
  40  3:28  Drone  
  40  3:30  Drone  
  40  3:31  Drone  
  40  3:33  Drone  
  45  3:40  Drone  
  46  3:42  Drone  
  47  3:49  Drone  
  47  3:57  Drone, Baneling Nest  
  47  3:58  Queen  
  47  4:00  Drone  
  47  4:02  Drone  
  50  4:05  Zergling x2, Overlord  
  50  4:06  Zergling x4, Extractor  
  50  4:07  Zergling x2  
  53  4:11  Zergling x4  
  53  4:13  Zergling x2  
  53  4:17  Zergling x4  
  57  4:18  Zergling x2  
  57  4:19  Zergling x2  
  57  4:22  Zergling x4  
  56  4:28  Queen  
  56  4:30  Zergling x2  
  50  4:39  Zergling x4  
  50  4:40  Zergling x2  
  50  4:41  Zergling x4  
  50  4:42  Zergling x2  
  56  4:48  Lair  
  56  4:49  Evolution Chamber  
  56  4:51  Drone  
  56  4:54  Drone  
  56  4:59  Drone  
  58  5:03  Drone x2  
  58  5:04  Drone  
  61  5:09  Extractor  
  61  5:10  Drone x2, Extractor  
  61  5:11  Drone, Extractor  
  60  5:15  Drone  
  60  5:16  Drone  
  60  5:18  Drone  
  59  5:23  Drone  
  59  5:26  Spine Crawler  
  59  5:27  Drone, Spine Crawler x2  
  58  5:31  Baneling x2  
  58  5:32  Baneling, Drone  
  58  5:34  Drone  
  60  5:36  Baneling x2  
  60  5:37  Zergling x4  
  60  5:38  Zergling x2  
  60  5:42  Zergling x2  
  64  5:44  Zergling x2, Spine Crawler  
  64  5:45  Drone  
  64  5:49  Zergling x2  
  65  5:51  Baneling  
  65  5:52  Baneling  
  65  5:54  Drone  
  65  5:56  Drone  
  67  6:00  Drone  
  68  6:04  Drone  
  68  6:05  Spire  
  68  6:06  Drone  
  68  6:11  Pneumatized Carapace  
  69  6:13  Drone, Extractor x2  
  69  6:14  Drone  
  69  6:15  Drone  
  69  6:17  Drone x3  
  73  6:25  Overlord  
  73  6:27  Overlord  
  73  6:28  Zerg Melee Weapons Level 1  
  73  6:38  Overlord  
  73  6:41  Overlord  
  73  6:46  Drone x2  
  75  6:48  Baneling x2  
  75  6:49  Drone x4  
  75  6:50  Drone  
  75  6:51  Drone  
  81  6:55  Queen  
  81  6:59  Overlord  
  83  7:05  Overlord  
  83  7:10  Overlord  
  83  7:16  Mutalisk x4  
  83  7:18  Mutalisk  
  83  7:21  Zerg Flyer Weapons Level 1  
  93  7:23  Mutalisk  
  93  7:27  Mutalisk  
  93  7:29  Mutalisk  
  99  7:34  Drone  
  99  7:36  Mutalisk  
  100  7:39  Mutalisk  
  104  7:48  Overlord x2  
  104  7:49  Mutalisk  
  106  7:52  Mutalisk  
  106  7:53  Hatchery  
  106  7:55  Overlord  
  107  7:58  Mutalisk  
  107  7:59  Drone  
  107  8:04  Mutalisk  
  112  8:08  Drone  
  112  8:12  Mutalisk  
  114  8:16  Drone  
  112  8:20  Drone x8  
  112  8:22  Spore Crawler  
  112  8:24  Spore Crawler  
  112  8:25  Zerg Melee Weapons Level 2, Spore Crawler  
  116  8:29  Zergling x6  
  116  8:32  Overlord  
  119  8:34  Mutalisk  
  119  8:39  Mutalisk x2  
  114  8:44  Mutalisk  
  114  8:45  Spore Crawler  
  115  8:50  Mutalisk  
  115  8:51  Spore Crawler  
  115  8:54  Baneling  
  116  8:57  Spore Crawler  
  116  8:58  Mutalisk  
  116  9:00  Baneling  
  117  9:07  Mutalisk  
  118  9:11  Overlord  
  118  9:12  Mutalisk  
  118  9:13  Spore Crawler  
  118  9:14  Zergling x2, Spore Crawler  
  119  9:20  Centrifical Hooks  
  119  9:22  Overlord  
  119  9:24  Overlord x2  
  119  9:30  Overlord x3  
  119  9:39  Spore Crawler  
  119  9:42  Mutalisk  
  119  9:45  Mutalisk  
  122  9:46  Drone  
  122  9:51  Mutalisk  
  125  9:53  Drone  
  125  9:59  Zergling x8  
  128  10:00  Mutalisk  
  128  10:01  Zergling x2  
  128  10:02  Mutalisk  
  128  10:07  Queen  
  128  10:08  Queen  
  128  10:09  Spore Crawler x2  
  128  10:13  Zergling x2  
  130  10:15  Infestation Pit, Zergling x4  
  130  10:16  Zergling x2  
  130  10:17  Zergling x2  
  130  10:18  Zergling x2  
  132  10:21  Zergling x2  
  132  10:22  Zergling x2  
  132  10:26  Zergling x2  
  132  10:27  Zergling x4  
  137  10:29  Zergling x4  
  137  10:31  Zergling x2  
  137  10:33  Zergling x2  
  137  10:34  Mutalisk  
  137  10:35  Mutalisk  
  143  10:40  Queen  
  143  10:42  Mutalisk  
  149  10:45  Mutalisk  
  150  10:56  Mutalisk  
  132  10:57  Zergling x2  
  132  10:58  Zergling x12  
  132  10:59  Mutalisk  
  132  11:02  Mutalisk  
  137  11:04  Mutalisk  
  137  11:09  Spore Crawler  
  138  11:14  Spore Crawler  
  138  11:15  Mutalisk  
  139  11:19  Mutalisk  
  139  11:22  Baneling  
  141  11:27  Zergling x2  
Tags
 
Add a new tag
Caveats
  • Supply blocks, unpowered buildings, or Contaminate may cause inaccurate times.
  • Supply counts are checked every 10 seconds.